 Dungeon Crawl Stone Soup version 0.26.1-11-gd32895ea62 (webtiles) character file.

Game seed: 9660593394917138871

641 jifgo the Magician (level 7, 0/40 HPs)
             Began as a Deep Elf Fire Elementalist on May 11, 2021.
             Slain by a shadow imp (3 damage)
             ... summoned by Eustachio
             ... on level 4 of the Dungeon.
             The game lasted 00:15:48 (7215 turns).

jifgo the Magician (Deep Elf Fire Elementalist)     Turns: 7215, Time: 00:15:49

Health: 0/40       AC:  3    Str:  5    XL:     7   Next: 26%
Magic:  13/16      EV: 15    Int: 22    God:
Gold:   188        SH:  0    Dex: 15    Spells: 6/16 levels left

rFire    . . .     SeeInvis .   j - +0 short sword (speed)
rCold    . . .     Faith    .   (no shield)
rNeg     . . .     Spirit   .   a - +1 robe
rPois    .         Reflect  .   (no helmet)
rElec    .         Harm     .   (no cloak)
rCorr    .         Rampage  .   (no gloves)
Will     .....                  (no boots)
Stlth    +++.......             (no amulet)
HPRegen  0.13/turn              (no ring)
MPRegen  0.15/turn              (no ring)

@: no status effects
A: no striking features
a: no special abilities


You were on level 4 of the Dungeon.
You visited 1 branch of the dungeon, and saw 4 of its levels.

You collected 188 gold pieces.

Inventory:

Hand Weapons
 f - a +1 whip of draining
 j - a +0 short sword of speed (weapon)
Missiles
 d - 22 poisoned darts (quivered)
Armour
 a - a +1 robe (worn)
Jewellery
 m - an uncursed amulet of reflection {unknown}
Scrolls
 b - 4 scrolls of enchant armour
 g - 2 scrolls of fear
 l - a scroll of immolation
 q - 2 scrolls of remove curse
 r - a scroll of teleportation {unknown}
Potions
 c - 2 potions of haste
 i - a potion of attraction
 k - a potion of mutation {unknown}
 n - a potion of degeneration {unknown}
 o - a potion of flight
 p - 2 potions of lignification


   Skills:
 + Level 2.4 Fighting
 + Level 4.6 Dodging
 + Level 4.5 Stealth
 + Level 5.2 Spellcasting
 + Level 3.3 Conjurations
 + Level 4.9 Fire Magic


You had 6 spell levels left.
You knew the following spells:

 Your Spells              Type           Power        Failure   Level
a - Conjure Flame         Conj/Fire      23%          5%          3
b - Fireball              Conj/Fire      11%          45%         5
c - Apportation           Tloc           10%          10%         1
x - Foxfire               Conj/Fire      92%          1%          1

Your spell library contained the following spells:

 Spells                   Type           Power        Failure   Level
 Animate Skeleton         Necr           10%          10%         1
 Corona                   Hex            5%           10%         1
 Summon Small Mammal      Summ           20%          10%         1
 Inner Flame              Hex/Fire       16%          11%         3
 Sticky Flame             Conj/Fire      23%          19%         4


Dungeon Overview and Level Annotations

Branches:
Dungeon (4/15)
 Temple: D:4-7

Altars:
Cheibriados
Fedhas
Nemelex Xobeh
Uskayaw
Xom
Zin

Shops:
D:4 (

Annotations:
D:3 1 runed translucent door, vhaine's ghost, amateur MfIE
D:4 Eustachio


Message History

The shadow imp completely misses you. The white imp gestures at you.
The puff of frost hits you!
Casting: Foxfire (safe; 1% risk of failure)
Confirm with . or Enter, or press ? or * to list all spells.
You conjure some foxfire!
The shadow imp hits you. Eustachio hits you with a +0 falchion!
* * * LOW HITPOINT WARNING * * *
The shadow imp closely misses you. The white imp barely misses you.
The foxfire hits the white imp.
The white imp is burned terribly!
The white imp is almost dead.
The foxfire hits the white imp.
The white imp is burned terribly!
You kill the white imp!
The shadow imp closely misses you. Eustachio closely misses you.
The shadow imp gestures at you. Pain shoots through your body!
* * * LOW HITPOINT WARNING * * *
The shadow imp barely misses you. Eustachio hits you but does no damage.
The shadow imp hits you.
You die...

#...###..##
#...#.rr.........#
##.### ♣...#
#...###r#####'######
...# ♣♣..♣ #...#
#............# ...#
♣.♣♣ #...#
#............# ##.#
♣.♣ #...#
#...(......... ...#
♣.♣
#...###.............
.#.# ♣♣.♣
#...#.(.............
.#.# ♣♣..♣
#...5...............
.#.# ♣..♣♣
#..@@........:......
.#.# ♣♣_.♣
#...5......###......
.### ♣..♣♣
#..........# #......
.# ♣♣♣♣ #..##...(..#
#...... .#
#..##......# #......
.# #..........#
#...... .#
#..........# #......
.#
###########..........#
#...... .#
#............##......#
#......


You could see Eustachio and 2 shadow imps.

Vanquished Creatures
  Duvessa (D:3)
  An ogre (D:4)
  Blork the orc (D:4)
  Dowan (D:3)
  A hound (D:4)
  Natasha (D:2)
  An iguana (D:4)
  3 worker ants
  6 adders
  2 oozes
  An adder skeleton (D:4)
  2 worms (D:2)
  2 dart slugs
  3 leopard geckos
  6 orcs
  6 giant cockroaches
  5 goblins
  13 hobgoblins
  13 jackals
  3 ball pythons
  3 bats
  9 frilled lizards
  12 kobolds
  15 rats
111 creatures vanquished.

Vanquished Creatures (others)
  366 foxfires
366 creatures vanquished.

Grand Total: 477 creatures vanquished

Notes
Turn   | Place    | Note
-------+----------+-------------------------------------------
     0 | D:1      | jifgo the Deep Elf Fire Elementalist began the quest for
                  | the Orb.
     0 | D:1      | Reached XP level 1. HP: 10/10 MP: 6/6
   241 | D:1      | Reached XP level 2. HP: 16/16 MP: 6/8
   919 | D:2      | Reached skill level 1 in Fighting
   919 | D:2      | Reached XP level 3. HP: 12/20 MP: 5/9
   923 | D:2      | Learned a level 3 spell: Conjure Flame
  1046 | D:2      | Noticed Natasha
  1054 | D:2      | Killed Natasha
  1123 | D:2      | Reached XP level 4. HP: 25/25 MP: 8/11
  1729 | D:2      | Found an opulent altar of Gozag.
  1731 | D:2      | Found a sparkling altar of Nemelex Xobeh.
  1731 | D:2      | Found a hide-covered altar of Uskayaw.
  1733 | D:2      | Found a radiant altar of Vehumet.
  1733 | D:2      | Found a glowing silver altar of Zin.
  1733 | D:2      | Found a shimmering altar of Xom.
  2733 | D:3      | Found a runed translucent door.
  2733 | D:3      | Noticed vhaine's ghost (amateur MfIE)
  2976 | D:3      | Reached XP level 5. HP: 29/29 MP: 10/12
  3098 | D:3      | Reached skill level 4 in Spellcasting
  3632 | D:3      | HP: 1/29 [worker ant (4)]
  4248 | D:4      | Noticed Duvessa
  4248 | D:4      | Noticed Dowan
  4377 | D:4      | Noticed Eustachio
  4531 | D:4      | Noticed an ogre
  4726 | D:4      | Learned a level 5 spell: Fireball
  4728 | D:4      | Learned a level 1 spell: Apportation
  4819 | D:4      | Found a snail-covered altar of Cheibriados.
  5079 | D:3      | Killed Duvessa
  5080 | D:3      | Reached XP level 6. HP: 22/35 MP: 8/14
  5478 | D:4      | Found Soivek's Antique Weapon Shop.
  5914 | D:3      | Killed Dowan
  6356 | D:4      | Reached skill level 5 in Spellcasting
  6382 | D:4      | Reached XP level 7. HP: 40/40 MP: 12/16
  6442 | D:4      | Noticed Blork the orc
  6534 | D:4      | Killed Blork the orc
  6831 | D:4      | Found a blossoming altar of Fedhas.
  7215 | D:4      | Slain by a shadow imp

Illustrated notes

Levels and vault maps discovered:
D:1:      lightli_arrival_windingriver, layout_rooms
D:2:      layout_loops_corners, doesnt_xom_only_xom, kennysheep_nub,
          uniq_natasha
D:3:      layout_loops_corners, gammafunk_ghost_grave
D:4:      layout_basic, kennysheep_slug_shrine, minmay_temple_entry_trees,
          serial_shops, kennysheep_little_box, fedhas_altar_4, uniq_eustachio,
          uniq_ijyb, uniq_duvessa, uniq_blork_the_orc

Skill      XL: |  1  2  3  4  5  6 |
---------------+-------------------+-----
Fighting       | 1 2 |  2.4
Fire Magic     | 4 |  4.9
Dodging        | 3 4 |  4.6
Stealth        | 3 4 |  4.5
Conjurations   | 2 3 |  3.3
Spellcasting   | 4 5 |  5.2

Action                   |  1- 3 |  4- 6 |  7- 9 || total
-------------------------+-------+-------+-------++-------
Melee: Short sword       |       |    18 |     2 ||    20
Throw: Dart              |       |    14 |     4 ||    18
 Cast: Foxfire           |    41 |   148 |    31 ||   220
       Conjure Flame     |       |     4 |     1 ||     5
  Use: Scroll            |       |     9 |       ||     9
       Potion            |       |     5 |       ||     5
 Stab: Sleeping          |       |     2 |       ||     2
Armor: Robe              |     4 |    31 |     6 ||    41
Dodge: Dodged            |    35 |   139 |    40 ||   214
